 Dungeon Crawl Stone Soup version 0.27.1 (webtiles) character file.

Game seed: 4789803327996483990

104 r3algoood the Conjurer (level 4, 0/33 HPs)
             Began as a Demigod Conjurer on Sept 1, 2021.
             Slain by an orc (3 damage)
             ... on level 4 of the Dungeon.
             The game lasted 00:07:06 (3807 turns).

r3algoood the Conjurer (Demigod Conjurer)           Turns: 3807, Time: 00:07:06

Health: 0/33       AC:  2    Str:  8    XL:     4   Next: 28%
Magic:  10/10      EV: 12    Int: 24    God:
Gold:   180        SH:  0    Dex: 12    Spells: 1/8 levels left

rFire    . . .     SeeInvis .   h - +0 whip
rCold    . . .     Faith    .   (no shield)
rNeg     . . .     Spirit   .   a - +0 robe
rPois    .         Reflect  .   (no helmet)
rElec    .         Harm     .   (no cloak)
rCorr    .         Rampage  .   (no gloves)
Will     .....                  (no boots)
Stlth    ++........             (no amulet)
HPRegen  0.11/turn              (no ring)
MPRegen  0.12/turn              (no ring)

@: no status effects
A: high mp 1, forlorn
a: no special abilities


You were on level 4 of the Dungeon.
You visited 1 branch of the dungeon, and saw 4 of its levels.

You collected 180 gold pieces.

Inventory:

Hand Weapons
 h - a +0 whip (weapon)
 q - a +2 spear of flaming
Armour
 a - a +0 robe (worn)
Wands
 o - a wand of flame (8)
Scrolls
 b - 2 scrolls of brand weapon {unknown}
 c - a scroll of teleportation {unknown}
 d - a scroll of enchant armour {unknown}
 e - 4 scrolls of identify {unknown}
 g - a scroll of amnesia {unknown}
 k - a scroll of vulnerability {unknown}
 l - a scroll of silence {unknown}
 m - a scroll of noise {unknown}
 r - a scroll of fog {unknown}
 s - a scroll of enchant weapon {unknown}
Potions
 f - a potion of mutation {unknown}
 i - 2 potions of haste {unknown}
 j - a potion of heal wounds {unknown}
 n - a potion of degeneration {unknown}
 p - a potion of lignification {unknown}


   Skills:
 + Level 2.3 Dodging
 + Level 2.2 Stealth
 + Level 2.5 Spellcasting
 + Level 4.5 Conjurations


You had one spell level left.
You knew the following spells:

 Your Spells              Type           Power      Damage    Failure   Level
a - Magic Dart            Conj           100%       1d8       1%          1
b - Searing Ray           Conj           50%        3d5       2%          2
c - Fulminant Prism       Conj/Hex       7%         3d7       41%         4

Your spell library contained the following spells:

 Spells                   Type           Power      Damage    Failure   Level
 Dazzling Flash           Conj/Hex       28%        N/A       13%         3
 Iskenderun's Mystic Bla  Conj/Tloc      14%        2d5       41%         4


Dungeon Overview and Level Annotations

Branches:
Dungeon (4/15)
 Temple: D:4-7


Innate Abilities, Weirdness & Mutations

Your attributes grow dramatically as you level up.
You have an increased reservoir of magic. (+10% MP)
You shall have no god before yourself.


Message History

The magic dart hits the orc.
The orc is heavily wounded.
The orc closely misses you. x2; The orc hits you with a +0 club.
The orc misses you. The orc misses you. The orc barely misses you.
The orc hits you with a +0 club. The orc hits you with a +0 short sword.
You climb upwards.
There is a stone staircase leading down here.
The orc barely misses you. x2
The orc hits you but does no damage.
Your magical contamination has completely faded away.
The orc completely misses you.
Okay, then.
You hit the orc.
The orc is heavily wounded.
The orc hits you with a +0 club. x2
* * * LOW HITPOINT WARNING * * *
You hit the orc.
The orc is severely wounded.
The orc hits you with a +0 club.
* * * LOW HITPOINT WARNING * * *
The orc barely misses you. The orc hits you with a +0 club.
* * * LOW HITPOINT WARNING * * *
The orc misses you. The orc barely misses you. The orc hits you with a +0 club.
* * * LOW HITPOINT WARNING * * *
There is a stone staircase leading down here.
The orc barely misses you.
You climb downwards.
The orc barely misses you. The orc closely misses you.
There is a stone staircase leading up, spattered with blood here.
The orc barely misses you. The orc closely misses you.
Found 8 gold pieces.
An adder comes into view.
Found 7 arrows.
The adder hisses angrily.
The orc hits you with a +0 club.
You die...

# # #. .. #.. .#
+... ..#
##..$.#####...##
.......@....S...
(...####o##...## .
#..#.# ... #<.o.#
#
..................
#...#.#.......####
.. #.#.####### #
#.# #+#


You could see an adder and an orc.

Vanquished Creatures
  4 adders
  A white imp (D:3)
  2 dart slugs
  5 endoplasms (D:1)
  4 giant cockroaches
  5 goblins
  7 hobgoblins
  2 kobolds
  A quokka (D:2)
  6 ball pythons
  3 bats
  13 frilled lizards
  4 rats
57 creatures vanquished.

Vanquished Creatures (others)
  8 plants (D:3)
8 creatures vanquished.

Grand Total: 65 creatures vanquished

Notes
Turn   | Place    | Note
-------+----------+-------------------------------------------
     0 | D:1      | r3algoood the Demigod Conjurer began the quest for the Orb.
     0 | D:1      | Reached XP level 1. HP: 14/14 MP: 5/5
   683 | D:1      | Reached skill level 4 in Conjurations
   683 | D:1      | Reached XP level 2. HP: 20/20 MP: 4/7
  1381 | D:2      | Reached XP level 3. HP: 26/26 MP: 6/9
  2679 | D:3      | Reached XP level 4. HP: 29/33 MP: 6/10
  3416 | D:3      | Learned a level 2 spell: Searing Ray
  3421 | D:3      | Learned a level 4 spell: Fulminant Prism
  3807 | D:4      | Slain by an orc

Illustrated notes

Levels and vault maps discovered:
D:1:      dpeg_arrival_water_fire, layout_rooms, minmay_statues_item
D:2:      layout_basic, minmay_misc_feat_cross
D:3:      layout_basic, minmay_lizard_king
D:4:      layout_basic, minmay_temple_entry_mist, uniq_ijyb

Skill      XL: |  1  2  3 |
---------------+----------+-----
Conjurations   | 4 |  4.5
Dodging        | 2 |  2.3
Spellcasting   | 2 |  2.5
Stealth        | 2 |  2.2

Action                   |  1- 3 |  4- 6 || total
-------------------------+-------+-------++-------
Melee: Whip              |    15 |    24 ||    39
 Cast: Magic Dart        |   101 |    23 ||   124
Armor: Robe              |     7 |     5 ||    12
Dodge: Dodged            |    18 |    35 ||    53
